 Dungeon Crawl Stone Soup version 0.32-a0-12-g7fc57aa741 (webtiles) character file.

Game seed: 13708729632691866394

64 tilp the Vexing (level 3, -1/26 HPs)
             Began as a Vampire Enchanter on Jan 14, 2024.
             Killed from afar by an orc wizard (9 damage)
             ... with a puff of flame
             ... on level 2 of the Dungeon.
             The game lasted 00:02:36 (1465 turns).

tilp the Vexing (Vampire Enchanter)                 Turns: 1465, Time: 00:02:36

Health: -1/26      AC:  2    Str:  7    XL:     3   Next: 91%
Magic:  4/6        EV: 12    Int: 19    God:
Gold:   50         SH:  0    Dex: 14    Spells: 1/6 levels left

rFire   . . .        a - +1 dagger
rCold   . . .        (no shield)
rNeg    . . .        g - +0 robe
rPois   .            (no helmet)
rElec   .            (no cloak)
rCorr   .            (no gloves)
SInv    +            (no boots)
Will    .....        (no amulet)
Stlth   +++          (no ring)
HPRegen 0.44/turn    (no ring)
MPRegen 0.10/turn

%: no passive effects
@: very slightly contaminated, healing quickly
A: alive, fangs 3, see invisible, vampiric 2
a: Exsanguinate


You were on level 2 of the Dungeon.
You visited 1 branch of the dungeon, and saw 3 of its levels.

You collected 50 gold pieces.

Inventory:

Hand Weapons
 a - a +1 dagger (weapon)
 b - a +3 long sword
 l - a +1 short sword of draining
Missiles
 j - 9 poisoned darts (quivered)
 p - 2 javelins
Armour
 g - a +0 robe (worn)
Jewellery
 m - an amulet of guardian spirit
Potions
 c - 3 potions of invisibility
 d - a potion of brilliance {unknown}
 e - a potion of might {unknown}
 f - a potion of lignification {unknown}
 h - a potion of degeneration {unknown}
 i - 2 potions of haste {unknown}
 k - a potion of ambrosia {unknown}
 n - a potion of mutation {unknown}
 o - a potion of magic {unknown}


   Skills:
 * Level 1.1 Fighting
 * Level 1.7(2.1) Short Blades
 * Level 1.6(2.0) Long Blades
 + Level 2.4 Dodging
 + Level 4.7 Stealth
 + Level 2.1 Spellcasting
 * Level 5.0 Hexes
 + Level 0.5 Ice Magic


You had one spell level left.
You knew the following spells:

 Your Spells              Type           Power      Damage    Failure   Level
a - Ensorcelled Hibernat  Hex/Ice        24%        N/A       9%          2
b - Confusing Touch       Hex            21%        N/A       6%          3

Your spell library contained the following spells:

 Spells                   Type           Power      Damage    Failure   Level
 Tukima's Dance           Hex            21%        N/A       6%          3
 Dazzling Flash           Conj/Hex       22%        N/A       19%         3


Dungeon Overview and Level Annotations

Branches:
Dungeon (3/15)

Altars:

Shops:
D:3 !


Innate Abilities, Weirdness & Mutations

Your natural rate of healing is accelerated.
You have razor-sharp teeth.
You have supernaturally acute eyesight. (SInv)
You are afflicted with vampirism and can become a bat while bloodless.


Message History

You start resting.
An orc wizard is nearby!
You throw a poisoned dart.
The poisoned dart barely misses the orc wizard.
The orc wizard shouts!
You hear a shout!
The orc wizard casts a spell at you. The magic dart hits you!
You hear an angry hiss.
The orc wizard points at you and mumbles some strange words.
You resist with some effort.
There is a stone staircase leading up here.
You climb upwards.
There is a stone staircase leading down here.
You start resting.
Magic restored.
You start resting.
HP restored.
You climb downwards.
There is a stone staircase leading up here.
Unknown command.
The orc wizard casts a spell at you. The puff of flame hits you!
There is a stone staircase leading up here.
The orc closely misses you.
The orc wizard hits you with a +0 dagger.
You climb upwards.
There is a stone staircase leading down here.
Unknown command.
Casting: Ensorcelled Hibernation (safe; 9% risk of failure)
Confirm with . or Enter, or press ? or * to list all spells.
Aiming: Ensorcelled Hibernation (safe; 9% risk of failure)
Press: ? - help, Shift-Dir - straight line, f - orc wizard
Aim: an orc wizard, wielding a +0 dagger and wearing a +0 robe (chance to affect: 46%)
You miscast Ensorcelled Hibernation.
You are very lightly contaminated with residual magic.
Nothing appears to happen.
The orc hits you with a +0 war axe!
* * * LOW HITPOINT WARNING * * *
The orc wizard points at you and mumbles some strange words.
The puff of flame hits you!
You die...

## ### ### .# #######.########.#
.# #.......#........# .#
#.#####.#.######.# .# #.#.....#.#
#.# .#########.##..###.# #.#
...........##..o@o.# #.#######
#############.###########........
#### #.# #.........####### ...#
#.# #.#######.# ##.#### #.# #.#
#.# ......# #.# #.# #.# ......#
#.###.### #.# ......###
#...#.#.#####.# ........#
###.#.#.......#


You could see an orc wizard and an orc.

Vanquished Creatures
  A gnoll (D:1)
  An adder (D:2)
  2 ribbon worms (D:2)
  An orc (D:3)
  A ball python (D:1)
  7 endoplasms
  A giant cockroach (D:2)
  4 goblins
  A hobgoblin (D:2)
  2 jackals (D:1)
  8 kobolds
  A quokka (D:1)
  4 bats
  2 frilled lizards (D:2)
  3 rats (D:1)
39 creatures vanquished.

Notes
Turn   | Place    | Note
-------+----------+-------------------------------------------
     0 | D:1      | tilp the Vampire Enchanter began the quest for the Orb.
     0 | D:1      | Reached XP level 1. HP: 13/13 MP: 3/3
   221 | D:1      | Reached XP level 2. HP: 16/19 MP: 5/5
   361 | D:1      | Learned a level 2 spell: Ensorcelled Hibernation
   429 | D:1      | Reached skill level 1 in Long Blades
   553 | D:2      | Gained mutation: You are afflicted with vampirism and can
                  | become a bat while bloodless. [Vampire growth]
   553 | D:2      | Reached XP level 3. HP: 25/25 MP: 6/6
   557 | D:2      | Learned a level 3 spell: Confusing Touch
   859 | D:2      | Reached skill level 1 in Fighting
  1398 | D:3      | Noticed an ogre
  1428 | D:3      | Found Yckas's Distillery.
  1437 | D:3      | Reached skill level 5 in Hexes
  1465 | D:2      | Killed from afar by an orc wizard

Illustrated notes

Levels and vault maps discovered:
D:1:      evilmike_arrival_crescent, layout_rooms
D:2:      layout_basic
D:3:      layout_rooms, kiku_gazebo_garden_becter, serial_shops, shop,
          minmay_misc_feat_enclosed, nicolae_kite_square_tiling_tiny,
          uniq_terence

Skill      XL: |  1  2  3 |
---------------+----------+-----
Long Blades    | 1 |  1.6
Fighting       | 1 |  1.1
Hexes          | 5 |  5.0
Short Blades   | |  1.7
Dodging        | |  2.4
Stealth        | |  4.7
Spellcasting   | |  2.1
Ice Magic      | |  0.5

Action                     || total
---------------------------++-------
  Melee: Dagger            ||    49
         Bite              ||     4
         Long sword        ||    18
         Punch             ||     1
  Throw: Dart              ||     1
   Cast: Ensorcelled Hiber ||    10
    Use: Scroll            ||     2
   Stab: Sleeping          ||    15
 Armour: Robe              ||    32
  Dodge: Dodged            ||    38

Table legend: (Time is in decaauts)
 A = Elapsed time spent in this place.
 B = Non-inter-level travel time spent in this place.
 C = Inter-level travel time spent in this place.
 D = Time resting spent in this place.
 E = Time spent auto-exploring this place.
 F = Levels seen in this place.
 G = Mean time per level.
                   A        B        C        D        E       F      G
               +--------+--------+--------+--------+--------+-----+--------+
         Total |   1458 |   1426 |     32 |     21 |   1073 |   3 |  486.0 |
       Dungeon |   1458 |   1426 |     32 |     21 |   1073 |   3 |  486.0 |
               +--------+--------+--------+--------+--------+-----+--------+

Top non-repeatable levels by time:
     D:2: 878 daAuts
     D:1: 470 daAuts
     D:3: 109 daAuts
